 Dungeon Crawl Stone Soup version 0.28.0 (webtiles) character file.

Game seed: 4705483370096122623

14245 browni3141 the Fighter (level 11, -16/102 HPs)
             Began as a Minotaur Berserker on Feb 10, 2022.
             Was a High Priest of Trog.
             Demolished by a sun demon (18 damage)
             ... summoned by an orc sorcerer
             ... on level 2 of the Orcish Mines.
             The game lasted 00:07:18 (11867 turns).

browni3141 the Fighter (Minotaur Berserker)        Turns: 11867, Time: 00:07:19

Health: -16/102    AC: 16    Str: 25    XL:     11   Next: 86%
Magic:  10/10      EV: 10    Int:  4    God:    Trog [*****.]
Gold:   748        SH:  5    Dex: 11    Spells: 10/10 levels left

rFire   . . .      SeeInvis .   y - +1 war axe (vamp)
rCold   . . .      Faith    .   I - +0 buckler
rNeg    . . .      Spirit   .   D - +0 plate armour
rPois   .          Reflect  .   (helmet restricted)
rElec   .          Harm     .   (no cloak)
rCorr   +          Rampage  .   f - +0 pair of gloves
Will    +++..                   (no boots)
Stlth   ..........              (no amulet)
HPRegen 1.27/turn               g - ring of willpower
MPRegen 0.12/turn               o - ring of resist corrosion

@: strong-willed, regenerating
A: horns 2, retaliatory headbutt
a: Renounce Religion, Berserk, Trog's Hand, Brothers in Arms


You were on level 2 of the Orcish Mines.
You worshipped Trog.
Trog was extremely pleased with you.
You visited 2 branches of the dungeon, and saw 12 of its levels.

You collected 748 gold pieces.

Inventory:

Hand Weapons
 a - a +0 hand axe
 y - a +1 vampiric war axe (weapon)
Missiles
 H - 2 throwing nets (quivered)
Armour
 b - a +0 animal skin
 f - a +0 pair of gloves (worn)
 m - a +1 ring mail of cold resistance
 D - a +0 plate armour (worn)
 I - a +0 buckler (worn)
Jewellery
 g - a ring of willpower (left hand)
 n - a ring of flight
 o - a ring of resist corrosion (right hand)
 F - a ring of protection from fire
Wands
 k - a wand of mindburst (22)
 q - a wand of flame (19)
 r - a wand of acid (5)
 u - a wand of charming (12)
 E - a wand of iceblast (6)
Scrolls
 c - 3 scrolls of noise {unknown}
 d - 3 scrolls of teleportation {unknown}
 e - 2 scrolls of vulnerability {unknown}
 i - 2 scrolls of enchant armour {unknown}
 s - 2 scrolls of amnesia {unknown}
 t - 6 scrolls of identify {unknown}
 v - a scroll of fear {unknown}
 w - a scroll of enchant weapon {unknown}
 x - 2 scrolls of blinking {unknown}
 C - a scroll of immolation {unknown}
Potions
 h - 3 potions of curing {unknown}
 j - 3 potions of heal wounds {unknown}
 l - a potion of brilliance {unknown}
 p - 2 potions of might {unknown}
 z - a potion of haste {unknown}
 A - 2 potions of attraction {unknown}
 B - 2 potions of mutation {unknown}
 G - 11 potions of degeneration
 J - a potion of magic {unknown}


   Skills:
 + Level 11.5 Fighting
 + Level 11.5 Axes
 + Level 11.2 Armour
 + Level 10.3 Dodging
 * Level 7.7 Shields


You had 10 spell levels left.
You didn't know any spells.
Your spell library was empty.

Dungeon Overview and Level Annotations

Branches:
Dungeon (10/15)            Temple (0/1) D:5             Orc (2/2) D:10
    Elf (0/3) Orc:2
   Lair: D:8-11

Altars:
Dithmenos
Hepliaklqana
Okawaru
Ru
Uskayaw
Vehumet
Xom
Zin

Shops:
D:4 *=[[   Orc:2 [::(

Annotations:
Orc:2 2 runed translucent doors, exclusion: orange crystal statue


Innate Abilities, Weirdness & Mutations

You have a pair of horns on your head.
You reflexively headbutt those who attack you in melee.


Message History

The orc sorcerer mumbles some strange words.
You barely miss the orc sorcerer. Your headbutt misses the orc sorcerer.
You closely miss the sun demon. The sun demon hits you!!
You are engulfed in flames!!
The orc sorcerer hits you but does no damage.
You hit the orc sorcerer but do no damage.
You headbutt the orc sorcerer!
The orc sorcerer is moderately wounded.
You barely miss the sun demon.
The sun demon hits you but does no damage.
The orc sorcerer points at you and mumbles some strange words.
The bolt of fire hits you!!!
* * * LOW HITPOINT WARNING * * *
The sun demon closely misses you.
You hit the orc sorcerer.
The orc sorcerer is heavily wounded.
You closely miss the hellwing. You closely miss the sun demon.
The hellwing closely misses you. You block the hellwing's attack.
The sun demon hits you but does no damage.
You block the orc sorcerer's attack.
You are too injured to fight recklessly!
You miss the orc sorcerer.
The orc sorcerer is heavily wounded.
You slash the sun demon! You barely miss the hellwing. The hellwing hits you!
* * * LOW HITPOINT WARNING * * *
You block the hellwing's attack. The sun demon hits you.
* * * LOW HITPOINT WARNING * * *
You are engulfed in flames!
* * * LOW HITPOINT WARNING * * *
The orc sorcerer hits you but does no damage.
You are too injured to fight recklessly!
You are too injured to fight recklessly!
You closely miss the orc sorcerer.
The orc sorcerer is heavily wounded.
You slash the sun demon! You hit the hellwing but do no damage.
The hellwing hits you but does no damage.
You block the hellwing's attack. The sun demon hits you.
* * * LOW HITPOINT WARNING * * *
You are engulfed in flames!!
You die...

#... ..#.)# ...∩.∩...
#...##.#..##...#∩#...##
#..#.#.#..#..# ....# .#
.....#..).###...###..
#.#.#.....#.....#...
#..#.......# ....
##)#.....)#####....
##..##...).)..).....
##..@4##.......))....
..#...o3.######.))#####
.................)))))..
#.........).......)))....
....#....))).......##.###
...##.#..).......>.....#
.#.........#.......##.##
........##.......#####
........##.#..###


You could see a sun demon (summoned), a hellwing (summoned) and an orc sorcerer.

Vanquished Creatures
  Harold (D:9)
  A two-headed ogre (D:10)
  A centaur warrior (D:8)
  2 orc high priests (Orc:2)
  Pikel (D:8)
  An orc knight (Orc:1)
  3 orc sorcerers (Orc:2)
  A cyclops (Orc:1)
  A centaur zombie (D:10)
  2 trolls (Orc:2)
  Prince Ribbit (D:8)
  A hornet (D:8)
  A wraith (D:9)
  8 yaks (D:10)
  Eustachio (D:5)
  A wyvern (D:9)
  2 steam dragons
  2 wargs (Orc:2)
  An acid dragon (D:9)
  3 water moccasins
  A swamp drake (D:10)
  2 black bears (D:5)
  16 orc warriors
  2 sky beasts
  2 ice beasts
  2 centaurs
  An ogre (Orc:1)
  A lemure (D:8)
  A kobold brigand (D:6)
  A bullfrog (D:8)
  2 gnoll sergeants
  A wyvern zombie (D:6)
  A scorpion (D:7)
  A water moccasin skeleton (D:6)
  10 killer bees
  7 wights
  A hound (D:4)
  19 orc priests
  A jelly (D:7)
  2 centaur skeletons
  2 iguanas (D:4)
  26 orc wizards
  A killer bee zombie (D:8)
  9 gnolls
  3 adders
  2 white imps
  2 ufetubi
  A worm (D:4)
  A dart slug (D:2)
  52 orcs
  3 endoplasms (D:1)
  4 giant cockroaches
  3 goblins
  6 hobgoblins
  A quokka (D:1)
  3 ball pythons
  6 bats
  A frilled lizard (D:3)
  6 kobolds
241 creatures vanquished.

Vanquished Creatures (others)
  A yak (D:10)
1 creature vanquished.

Grand Total: 242 creatures vanquished

Notes
Turn   | Place    | Note
-------+----------+-------------------------------------------
     0 | D:1      | browni3141 the Minotaur Berserker began the quest for the
                  | Orb.
     0 | D:1      | Reached XP level 1. HP: 19/19 MP: 0/0
   127 | D:1      | Found a faded altar of an unknown god.
   361 | D:1      | Reached XP level 2. HP: 25/27 MP: 1/1
  1026 | D:2      | Reached XP level 3. HP: 29/33 MP: 2/2
  1075 | D:3      | Reached ** piety under Trog
  1412 | D:3      | Found a hide-covered altar of Uskayaw.
  1430 | D:3      | Found a glowing silver altar of Zin.
  1430 | D:3      | Found a sacrificial altar of Ru.
  1430 | D:3      | Found a shadowy altar of Dithmenos.
  1449 | D:3      | Found a radiant altar of Vehumet.
  2017 | D:4      | Found Ythuppac's Armour Emporium.
  2020 | D:4      | Found Qoawaveu's Jewellery Emporium.
  2070 | D:4      | Found Goank's General Store.
  2071 | D:4      | Found Zotanu's Antique Armour Emporium.
  2098 | D:4      | Reached XP level 4. HP: 32/41 MP: 3/3
  2717 | D:4      | Reached XP level 5. HP: 41/47 MP: 4/4
  3113 | D:5      | Entered Level 5 of the Dungeon
  3142 | D:5      | Noticed a steam dragon
  3148 | D:5      | Killed a steam dragon
  3149 | D:5      | Reached skill level 5 in Fighting
  3149 | D:5      | Reached skill level 5 in Axes
  3149 | D:5      | Reached XP level 6. HP: 56/56 MP: 5/5
  3215 | D:5      | Noticed Eustachio
  3217 | D:5      | Noticed a water moccasin
  3226 | D:5      | Killed Eustachio
  3228 | D:5      | Killed a water moccasin
  3229 | D:5      | Reached skill level 5 in Armour
  3229 | D:5      | Reached XP level 7. HP: 62/62 MP: 6/6
  3367 | D:5      | Found a staircase to the Ecumenical Temple.
  3850 | D:5      | Reached skill level 5 in Dodging
  4836 | D:6      | Reached XP level 8. HP: 59/71 MP: 7/7
  5590 | D:6      | Found an iron altar of Okawaru.
  5593 | D:6      | Found a shimmering altar of Xom.
  5803 | D:6      | Found a hazy altar of Hepliaklqana.
  5804 | D:6      | Found a faded altar of an unknown god.
  6559 | D:7      | Reached XP level 9. HP: 81/81 MP: 8/8
  6948 | D:8      | Paralysed by a hornet for 1 turns
  6950 | D:8      | Reached *** piety under Trog
  6954 | D:8      | HP: 3/82 [steam dragon] (9)]
  7440 | D:8      | Noticed Pikel
  7455 | D:8      | Killed Pikel
  7736 | D:8      | Noticed Prince Ribbit
  7747 | D:8      | Killed Prince Ribbit
  7937 | D:8      | Noticed a centaur warrior
  7945 | D:8      | Killed a centaur warrior
  7946 | D:8      | Reached XP level 10. HP: 62/91 MP: 9/9
  8597 | D:9      | Noticed Harold
  8616 | D:9      | Killed Harold
  8911 | D:9      | Reached skill level 10 in Fighting
  9059 | D:9      | Reached skill level 10 in Axes
  9636 | D:9      | Noticed a red ugly thing
  9637 | D:9      | Noticed a two-headed ogre
  9761 | D:10     | Entered Level 10 of the Dungeon
  9786 | D:10     | Reached skill level 1 in Shields
  9788 | D:10     | Reached skill level 10 in Armour
  9865 | D:10     | Noticed a two-headed ogre
  9875 | D:10     | Killed a two-headed ogre
 10349 | D:10     | Found a staircase to the Orcish Mines.
 10371 | D:10     | Reached XP level 11. HP: 20/101 MP: 10/10
 11021 | Orc:1    | Entered Level 1 of the Orcish Mines
 11045 | Orc:1    | Reached skill level 5 in Shields
 11107 | Orc:1    | Noticed an orc knight
 11119 | Orc:1    | Killed an orc knight
 11314 | Orc:2    | Entered Level 2 of the Orcish Mines
 11454 | Orc:2    | Found a runed translucent door.
 11458 | Orc:2    | Found the +10 tower shield of Ignorance {rN+ Int-4}
 11532 | Orc:2    | Found a runed translucent door.
 11533 | Orc:2    | Noticed an orange crystal statue
 11561 | Orc:2    | Reached **** piety under Trog
 11562 | Orc:2    | Found a staircase to the Elven Halls.
 11566 | Orc:2    | Noticed an orc sorcerer
 11567 | Orc:2    | Noticed an orc high priest
 11583 | Orc:2    | Killed an orc high priest
 11589 | Orc:2    | Killed an orc sorcerer
 11590 | Orc:2    | Reached skill level 10 in Dodging
 11605 | Orc:2    | Noticed an orc sorcerer
 11616 | Orc:2    | Killed an orc sorcerer
 11674 | Orc:2    | Reached ***** piety under Trog
 11691 | Orc:2    | Found Wacuaw's Book Emporium.
 11691 | Orc:2    | Found Foyxan's Weapon Emporium.
 11709 | Orc:2    | Found Hutaose's Armour Shoppe.
 11709 | Orc:2    | Found Hasoh's Book Shoppe.
 11712 | Orc:2    | Noticed an orc sorcerer
 11725 | Orc:2    | Killed an orc sorcerer
 11804 | Orc:2    | Noticed an orc high priest
 11810 | Orc:2    | Noticed a soul eater
 11828 | Orc:2    | Killed an orc high priest
 11856 | Orc:2    | Noticed an orc sorcerer
 11859 | Orc:2    | Noticed a sun demon
 11866 | Orc:2    | HP: 3/102 [sun demon[an orc sorcerer] (13)]
 11867 | Orc:2    | Demolished by a sun demon

Illustrated notes

Levels and vault maps discovered:
D:1:      dpeg_arrival_circle_labyrinth_c, layout_basic,
          ebering_ecumenical_altar_box, minmay_misc_feat_enclosed,
          minmay_misc_feat_roman, nrook_uturn
D:2:      layout_basic, chequers_serial_rivers_room_a, uniq_sigmund,
          uniq_jessica, uniq_robin
D:3:      layout_basic, grunt_temple_overflow_open, amcnicky_altar_gilded,
          serial_forest, infiniplex_forest_straight_5,
          infiniplex_forest_lined_2, infiniplex_forest_clump_double,
          infiniplex_forest_pool, infiniplex_forest_lined_room_2,
          infiniplex_forest_clump_small, infiniplex_forest_lined_2,
          infiniplex_forest_lined_room_3
D:4:      layout_basic, minmay_shop_grid_forest, dk_rats_in_the_wall
D:5:      layout_basic, minmay_temple_entry_glass, uniq_eustachio
D:6:      layout_loops_ring, beargit_hepliaklqana_dungeon_heroes,
          chequers_temple_overflow_statue_of_worship
D:7:      layout_basic, minmay_fountain_box
D:8:      layout_basic, uniq_prince_ribbit1, uniq_pikel
D:9:      layout_roguey, kennysheep_doodads, onia_ninara_dug_in_and_dangerous,
          uniq_harold
D:10:     layout_loops_ring, erik_orc_1
Orc:1:    layout_diamond_mine
Orc:2:    st_orc_mages, layout_caves, basic_altar,
          chequers_guarded_unrand_ignorance

Skill      XL: |  1  2  3  4  5  6  7  8  9 10 11 |
---------------+----------------------------------+-----
Fighting       | 4 5 6 8 9 10 11 | 11.5
Axes           | 4 5 6 7 9 10 11 | 11.5
Armour         | 3 4 5 6 7 9 10 11 | 11.2
Dodging        | 3 4 5 6 8 9 10 | 10.3
Shields        | 4 7 |  7.7

Action                   |  1- 3 |  4- 6 |  7- 9 | 10-12 || total
-------------------------+-------+-------+-------+-------++-------
Melee: Hand axe          |    77 |    38 |    71 |       ||   186
       Headbutt          |     4 |     9 |    40 |    64 ||   117
       Punch             |       |       |     2 |     2 ||     4
       War axe           |       |       |   173 |   319 ||   492
Invok: Berserk           |       |     2 |    10 |    14 ||    26
       Trog's Hand       |       |       |     1 |     5 ||     6
Evoke: Wand              |       |       |     3 |     5 ||     8
 Stab: Sleeping          |     1 |       |       |       ||     1
Armor: Animal skin       |    26 |     1 |       |       ||    27
       Ring mail         |       |    17 |    66 |       ||    83
       Plate armour      |       |       |    79 |   179 ||   258
Dodge: Dodged            |    63 |    14 |   186 |   146 ||   409
Block: Buckler           |       |       |       |    51 ||    51
